 Dungeon Crawl Stone Soup version 0.30-a0-637-gacddeb6d44 (webtiles) character file.

Game seed: 8438880802424103082

47 kae the Insei (level 3, -2/26 HPs)
             Began as a Demonspawn Transmuter on Jan 15, 2023.
             Slain by Terence
             ... wielding a +0 flail
              (3 damage)
             ... on level 2 of the Dungeon.
             The game lasted 00:02:10 (1293 turns).

kae the Insei (Demonspawn Transmuter)               Turns: 1293, Time: 00:02:11

Health: -2/26      AC:  2    Str: 10    XL:     3   Next: 48%
Magic:  5/6        EV: 12    Int: 16    God:
Gold:   18         SH:  0    Dex: 13    Spells: 0/6 levels left

rFire   . . .      SeeInvis .      - Unarmed
rCold   . . .      Faith    .    (no shield)
rNeg    . . .      Spirit   .    a - +0 robe
rPois   .          Reflect  .    (helmet currently unavailable)
rElec   .          Harm     .    (no cloak)
rCorr   .          Rampage  .    (no gloves)
Will    .....                    (boots currently unavailable)
Stlth   +                        (no amulet)
HPRegen 0.24/turn                (no ring)
MPRegen 0.10/turn                (no ring)

@: appendages (expiring)
A: horns 2, talons 2, powered by death 1
a: End Transformation


You were on level 2 of the Dungeon.
You had temporarily grown beastly horns and talons.
You visited 1 branch of the dungeon, and saw 2 of its levels.

You collected 18 gold pieces.


Innate Abilities, Weirdness & Mutations

You have temporarily grown beastly horns and talons.
You regenerate a little health from kills.


   Skills:
 - Level 1.0 Fighting
 - Level 1.7 Dodging
 + Level 3.1 Unarmed Combat
 + Level 2.4 Spellcasting
 * Level 2.8 Transmutations


You couldn't memorise any spells.
You knew the following spells:

 Your Spells              Type           Power      Damage    Failure   Level
a - Beastly Appendage     Tmut           20%        N/A       6%          1
b - Wereblood             Tmut           10%        N/A       10%         2
c - Confusing Touch       Hex            1%         N/A       52%         3

Your spell library contained the following spells:

 Spells                   Type           Power      Damage    Failure   Level
 Slow                     Hex            4%         N/A       21%         1
 Spider Form              Tmut/Pois      6%         N/A       32%         3
 Vampiric Draining        Necr           1%         2d6       52%         3
 Ice Form                 Ice/Tmut       6%         N/A       73%         4

Inventory:

Missiles
 g - 18 stones
Armour
 a - a +0 robe (worn)
Jewellery
 k - a ring of willpower
   (You found it on level 1 of the Dungeon)
Potions
 b - a potion of lignification {!q}
 h - a potion of cancellation

Dungeon Overview and Level Annotations

Branches:
Dungeon (2/15) Zot: 10725

Altars:

Annotations:
D:2 Sigmund, Terence

_.#..# ..#..#
#.....$. ###..#
#.[...! . #
#...... ##
#####..... .
.........# .# ..
.#.......# #>#
.#
.........###..#
h### ##.....@@)#
...# #....#.####
#.g##$###....#!#
#.# #$.#....#.#
h.###(##.....#.#
..#.#.#...r..#..
.##..####h#####.
.g..h...#h# .
..........#


You could see Terence.


Message History

You closely miss the ball python. Your headbutt misses the ball python.
You howl as the wereblood boils in your veins!
The ball python bites you but does no damage.
The ball python completely misses you. The ball python bites you.
The ball python misses you. 😕 HP[-3]
You take 3 damage, and now have 23/26 hp.
You barely miss the ball python. You headbutt the ball python.
You feel a bit better.
You kill the ball python! 😎 HP[+3]
Your hp is fully restored (26).
Unknown command.
You closely miss the rat. Your headbutt misses the rat.
The rat bites you. 😕 HP[-1]
You take 1 damage, and now have 25/26 hp.
You hit the rat.
You feel a bit better.
You kill the rat! 😎 HP[+1]
Your hp is fully restored (26).
You barely miss the jackal. You claw the jackal, but do no damage.
The jackal misses you. 😎 MP[+1]
You punch the jackal!
You kill the jackal!
Your horns disappear.
Your talons disappear.
Unknown command.
You hit the jackal. The jackal bites you. x2 😕 HP[-3]
You take 3 damage, and now have 23/26 hp.
You hit the jackal but do no damage. The jackal barely misses you. 😕 HP[+1]
You closely miss the jackal. You punch the jackal.
You feel a bit better.
You kill the jackal! 😎 HP[+2]
Your hp is fully restored (26).
You closely miss the ball python. The ball python closely misses you.
The ball python barely misses you.
You closely miss the ball python. The ball python bites you.
The ball python barely misses you. 😕 HP[-3]
You take 3 damage, and now have 23/26 hp.
You punch the ball python!
You feel a bit better.
You kill the ball python! 😕 HP[+2]
You regained 2 hp, and now have 25/26 hp.
Unknown command.
You hit the rat.
You feel a bit better.
You kill the rat!
You howl as the wereblood boils in your veins! 😎 HP[+1]
Your hp is fully restored (26).
You hit Terence. You hit Terence. Terence closely misses you. 😎 MP[+1]
You hit Terence.
Your primal bloodlust is almost over.
Terence misses you.
You hit Terence.
You howl as the wereblood boils in your veins!
Terence hits you with a +0 flail. 😕 HP[-6]
You take 6 damage, and now have 20/26 hp.
MASSIVE DAMAGE!! (PAUSE)
You hit Terence but do no damage.
Terence hits you with a +0 flail. 😮 HP[-2]
You take 2 damage, and now have 18/26 hp.
You hit Terence. Terence barely misses you. 😮 HP[+1]
You hit Terence. Terence completely misses you.
Casting: Wereblood (safe; 10% risk of failure)
Confirm with . or Enter, or press ? or * to list all spells.
You grow a pair of large bovine horns.
Your feet morph into talons.
Terence hits you with a +0 flail.
Your primal bloodlust has ended.
Terence hits you with a +0 flail!
* * * LOW HITPOINT WARNING * * *
😨 HP[-11] MP[-1]
You take 11 damage, and now have 8/26 hp.
MASSIVE DAMAGE!! (PAUSE)
You lost 1 mp, and now have 4/6 mp.
You hit Terence but do no damage. You claw Terence, but do no damage.
Terence closely misses you. 😨 HP[+1]
You closely miss Terence. Your kick misses Terence. Your punch misses Terence.
Terence hits you with a +0 flail.
* * * LOW HITPOINT WARNING * * *
😱 HP[-6]
You take 6 damage, and now have 3/26 hp.
MASSIVE DAMAGE!! (PAUSE)
You barely miss Terence. Your kick misses Terence.
Your transformation is almost over.
Terence shouts, "Now you die!" Terence hits you with a +0 flail.
* * * LOW HITPOINT WARNING * * *
😱 HP[-2]
You take 2 damage, and now have 1/26 hp.
You hit Terence but do no damage. Your kick misses Terence.
Terence hits you with a +0 flail.
You die...

Skill      XL: |  1  2 |
---------------+-------+-----
Transmutations | 2 |  2.8
Unarmed Combat | 3 |  3.1
Fighting       | |  1.0
Dodging        | |  1.7
Spellcasting   | |  2.4

Action                   || total
-------------------------++-------
Melee: Unarmed           ||    87
       Kick              ||    14
       Headbutt          ||     6
       Punch             ||     1
 Cast: Beastly Appendage ||    16
       Wereblood         ||     1
  Use: Scroll            ||     4
       Potion            ||     2
Armor: Robe              ||    16
Dodge: Dodged            ||    70

Levels and vault maps discovered:
D:1:      nzn_arrival_crosshair, layout_basic, st_stairs_8
D:2:      layout_rooms, nicolae_ecumenical_oubliette, minmay_octomino_j4,
          uniq_jessica, uniq_sigmund, uniq_terence, uniq_crazy_yiuf_cottage

Notes
Turn   | Place    | Note
-------+----------+-------------------------------------------
     0 | D:1      | kae the Demonspawn Transmuter began the quest for the Orb.
     0 | D:1      | Reached XP level 1. HP: 15/15 MP: 3/3
     0 | D:1      | magus.rc [v1.11.3]
   152 | D:1      | Reached skill level 2 in Transmutations
   281 | D:1      | Gained mutation: You regenerate a little health from kills.
                  | [demonic ancestry]
   281 | D:1      | Reached XP level 2. HP: 14/21 MP: 3/5
   313 | D:1      | You pick up a book of Debilitation and begin reading...
   313 | D:1      | You add the spells Slow, Vampiric Draining and Confusing
                  | Touch to your library.
   514 | D:1      | Reached skill level 3 in Unarmed Combat
   514 | D:1      | Reached XP level 3. HP: 26/26 MP: 4/6
   517 | D:1      | Learned a level 2 spell: Wereblood
   521 | D:1      | Learned a level 3 spell: Confusing Touch
  1012 | D:2      | Noticed Sigmund
  1048 | D:2      | Noticed Terence
  1065 | D:2      | Found a faded altar of an unknown god.
  1291 | D:2      | HP: 3/26 [Terence/+0 flail (6)]
  1292 | D:2      | HP: 1/26 [Terence/+0 flail (2)]
  1293 | D:2      | Slain by Terence

Vanquished Creatures
  A gnoll (D:1)
  An adder (D:2)
  2 endoplasms (D:1)
  6 goblins (D:1)
  A hobgoblin (D:1)
  2 jackals (D:2)
  2 quokkas (D:1)
  3 ball pythons (D:2)
  A bat (D:1)
  A frilled lizard (D:2)
  2 kobolds (D:1)
  7 rats
29 creatures vanquished.

Table legend:
 A = Non-vault XP
 B = Vault XP
 C = Vault XP percentage of total XP
 D = Non-vault monster count
 E = Vault monster count
 F = Vault count percentage of total count
                 A         B        C        D         E       F
            +---------+---------+-------+---------+---------+-------
      Total |      64 |       4 |   5.9 |      26 |       3 |  10.3
            +---------+---------+-------+---------+---------+-------
        D:1 |      42 |       2 |   4.5 |      19 |       1 |   5.0
        D:2 |      22 |       2 |   8.3 |       7 |       2 |  22.2
            +---------+---------+-------+---------+---------+-------

Illustrated notes

Table legend:
 A = Kills in this place as a percentage of kills in entire the game.
 B = Kills by you in this place as a percentage of kills by you in the entire game.
 C = Kills by friends in this place as a percentage of kills by friends in the entire game.
 D = Other kills in this place as a percentage of other kills in the entire game.
 E = Experience gained in this place as a percentage of experience gained in the entire game.
 F = Experience gained in this place divided by the number of levels of this place that you have seen.
                   A       B       C       D       E      F
               +-------+-------+-------+-------+-------+----------------------
         Total | 100.0 | 100.0 |   N/A |   N/A | 100.0 |  34.0
       Dungeon | 100.0 | 100.0 |   N/A |   N/A | 100.0 |  34.0
               +-------+-------+-------+-------+-------+----------------------

Table legend: (Time is in decaauts)
 A = Elapsed time spent in this place.
 B = Non-inter-level travel time spent in this place.
 C = Inter-level travel time spent in this place.
 D = Time resting spent in this place.
 E = Time spent auto-exploring this place.
 F = Levels seen in this place.
 G = Mean time per level.
                   A        B        C        D        E       F      G
               +--------+--------+--------+--------+--------+-----+--------+
         Total |   1273 |   1138 |    135 |    194 |    704 |   2 |  636.5 |
       Dungeon |   1273 |   1138 |    135 |    194 |    704 |   2 |  636.5 |
               +--------+--------+--------+--------+--------+-----+--------+

Top non-repeatable levels by time:
     D:1: 1180 daAuts
     D:2: 93 daAuts
